 Dungeon Crawl Stone Soup version 0.24.0-28-g17ded55e90 (webtiles) character file.

Game seed: 939980884801130376, levelgen mode: deterministic

1925 night the Summoner (level 8, -13/61 HPs)
             Began as a Vampire Summoner on Nov 12, 2019.
             Was a Priest of Sif Muna.
             Killed from afar by a gargoyle (16 damage)
             ... with a stone arrow
             ... on level 7 of the Dungeon.
             The game lasted 00:26:30 (6166 turns).

night the Summoner (Vampire Summoner)               Turns: 6166, Time: 00:26:30

Health: -13/61     AC:  5    Str: 12    XL:     8   Next: 96%
Magic:  1/18       EV: 13    Int: 20    God:    Sif Muna [***...]
Gold:   342        SH:  2    Dex: 17    Spells: 8/21 levels left

rFire    . . .     SeeInvis +   E - +1 trident (pain)
rCold    . . .     Gourm    .   (no shield)
rNeg     . . .     Faith    .   a - +0 robe
rPois    .         Spirit   .   (no helmet)
rElec    .         Reflect  +   (no cloak)
rCorr    .         Harm     .   s - +0 pair of gloves
MR       .....                  m - +1 pair of boots
Stlth    ++........             b - +2 amulet of reflection
HPRegen  0.40/turn              x - +3 ring of dexterity
MPRegen  0.16/turn              (no ring)

@: mighty, regenerating quickly
A: no food, fangs 3, see invisible, unbreathing
a: Exsanguinate, Channel Magic, Forget Spell, Renounce Religion


You were on level 7 of the Dungeon.
You worshipped Sif Muna.
Sif Muna was most pleased with you.
You were alive.

You visited 1 branch of the dungeon, and saw 7 of its levels.

You collected 342 gold pieces.

Inventory:

Hand Weapons
 d - a +0 shortbow
 e - a +2 spear of venom
 r - a +0 trident
 A - a +0 glaive
 E - a +1 trident of pain (weapon)
Missiles
 h - 71 arrows
 i - 10 poisoned darts (quivered)
 D - 4 boomerangs
Armour
 a - a +0 robe (worn)
 m - a +1 pair of boots (worn)
 s - a +0 pair of gloves (worn)
Jewellery
 b - a +2 amulet of reflection (around neck)
 x - a +3 ring of dexterity (left hand)
Wands
 p - a wand of random effects (13)
 C - a wand of digging (6)
Scrolls
 c - 4 scrolls of amnesia
 g - a scroll of enchant armour
 n - 4 scrolls of remove curse
 u - a scroll of immolation {unknown}
 v - 3 scrolls of blinking {unknown}
 w - 3 scrolls of random uselessness {unknown}
 y - 2 scrolls of teleportation {unknown}
 z - 2 scrolls of enchant weapon
 B - a scroll of acquirement {unknown}
 F - a scroll of identify
Potions
 f - a potion of might
 j - a potion of heal wounds {unknown}
 k - a potion of ambrosia
 l - a potion of curing {unknown}
 o - 2 potions of lignification {unknown}
 q - a potion of haste {unknown}
 t - a potion of flight {unknown}
 G - a potion of agility {unknown}


   Skills:
 + Level 4.5 Fighting
 - Level 2.1 Dodging
 - Level 3.0 Stealth
 + Level 7.0 Spellcasting
 + Level 8.4 Summonings
 * Level 0.9 Necromancy


You had 8 spell levels left.
You knew the following spells:

 Your Spells              Type           Power        Failure   Level  Hunger
a - Summon Small Mammal   Summ           ####         1%          1    N/A
b - Call Imp              Summ           #####...     1%          2    N/A
c - Call Canine Familiar  Summ           #####...     1%          3    N/A
d - Summon Ice Beast      Ice/Summ       ###.....     17%         4    N/A
e - Regeneration          Chrm/Necr      #.........   24%         3    N/A

Your spell library contained the following spells:

 Spells                   Type           Power        Failure   Level  Hunger
 Summon Guardian Golem    Hex/Summ       ###.....     4%          3    N/A
 Animate Skeleton         Necr           N/A          7%          1    N/A
 Pain                     Necr           ##..         7%          1    N/A
 Summon Lightning Spire   Summ/Air       ###.....     17%         4    N/A
 Vampiric Draining        Necr           ##........   21%         3    N/A
 Animate Dead             Necr           N/A          54%         4    N/A

Dungeon Overview and Level Annotations

Branches:
Dungeon (7/15)             Temple (0/1) D:6

Altars:
Cheibriados
Hepliaklqana
Nemelex Xobeh
Qazlal
Sif Muna
Trog
Wu Jian
Yredelemnul


Innate Abilities, Weirdness & Mutations

You do not eat.
Your natural rate of healing is unusually fast.
You have razor-sharp teeth.
You have supernaturally acute eyesight. (SInv)
You can survive without breathing.


Message History

The gargoyle hurls a stone arrow at you.
The stone arrow hits you!!
* * * LOW HITPOINT WARNING * * *
You swap places.
Your bat barely misses the gargoyle.
The gargoyle hurls a stone arrow at you.
The stone arrow hits your bat!
Your bat dies!
Your bat's corpse disappears in a puff of smoke!
It was a potion of might.
You feel very mighty all of a sudden.
The gargoyle hurls a stone arrow at you.
The stone arrow misses you.
Evoke which item? (* to show all) (? for menu, Esc to quit)
Aiming: Random Effects
Press: ? - help, Shift-Dir - straight line, f/p - gargoyle
Aim: a gargoyle, wielding a +0 dire flail (moderately damaged)
The gargoyle flickers and vanishes for a moment.
The gargoyle hurls a stone arrow at you.
The stone arrow hits you!
You die...

...# #.......# ###.# ....
...######.......####...####....
........'.......##.............
..#######.......##..........#.
.............)..##..........#
..#######.......##..........#
..#######.............#.....#
<.##....##.###..#######.....###
####.##.##.# ##.@..............#
####.##.##+####..#9####.######.#.
........................))[.....>
.....####...###..#....#..#..)..#.
....<...'...###...###)#(.#.....#
.....####...#...#.###.##.#.......
.....##.......###.#......#...5...
..#####.....[..........#.#..##...
..# #................#.#..# .##


You could see a gargoyle (invisible).

Vanquished Creatures
  An orc warrior (D:7)
  A phantom (D:4)
  Blork the orc (D:4)
  3 bullfrogs (D:6)
  A howler monkey (D:6)
  A crimson imp (D:5)
  A bullfrog zombie (D:5)
  An orc priest (D:7)
  An orc wizard (D:5)
  A centaur skeleton (D:6)
  2 iguanas
  3 worker ants
  A gnoll (D:6)
  3 howler monkey skeletons
  4 adders
  An ooze (D:3)
  2 worms (D:2)
  2 dart slugs
  4 leopard geckos
  6 orcs
  2 giant cockroaches
  8 hobgoblins
  3 jackals (D:6)
  A quokka (D:5)
  6 bats
  5 frilled lizards
  12 goblins
  A hobgoblin zombie (D:4)
  A jackal skeleton (D:6)
  3 kobolds
  3 rats
85 creatures vanquished.

Vanquished Creatures (collateral kills)
  Joseph (D:7)
  Duvessa (D:7)
  An orc warrior (D:7)
  3 ice beasts
  A phantom (D:6)
  3 ogres
  3 centaurs
  A wyvern zombie (D:6)
  Dowan (D:7)
  2 scorpions
  A howler monkey (D:6)
  A crimson imp (D:5)
  3 jellies
  An orc priest (D:7)
  An iguana (D:6)
  A mummy (D:4)
  Robin (D:3)
  4 adders
  6 gnolls
  A shadow imp (D:7)
  2 oozes
  An adder skeleton (D:7)
  2 worms (D:2)
  A dart slug (D:1)
  2 leopard geckos
  8 orcs
  3 ball pythons (D:2)
  2 giant cockroaches
  4 goblins
  6 hobgoblins
  A jackal (D:6)
  2 kobolds (D:2)
  3 bats (D:1)
  2 frilled lizards
  A kobold zombie (D:4)
  A leopard gecko skeleton (D:4)
  2 orc zombies (D:4)
80 creatures vanquished.

Grand Total: 165 creatures vanquished

Notes
Turn   | Place    | Note
-------+----------+-------------------------------------------
     0 | D:1      | night the Vampire Summoner began the quest for the Orb.
     0 | D:1      | Reached XP level 1. HP: 13/13 MP: 3/3
   362 | D:1      | Reached XP level 2. HP: 13/19 MP: 1/5
   426 | D:1      | Learned a level 2 spell: Call Imp
   884 | D:2      | Reached XP level 3. HP: 24/24 MP: 7/7
   953 | D:2      | Found a shimmering blue altar of Sif Muna.
   974 | D:2      | Became a worshipper of Sif Muna the Loreminder
  1156 | D:2      | Learned a level 3 spell: Call Canine Familiar
  1430 | D:2      | Reached XP level 4. HP: 30/30 MP: 8/8
  1450 | D:2      | Reached * piety under Sif Muna
  1469 | D:2      | Reached skill level 5 in Summonings
  1642 | D:3      | Noticed Robin
  1663 | D:3      | Killed Robin
  1886 | D:3      | Found a snail-covered altar of Cheibriados.
  2308 | D:4      | Noticed Blork the orc
  2342 | D:4      | Killed Blork the orc
  2342 | D:4      | Reached XP level 5. HP: 2/28 MP: 0/10
  2490 | D:4      | Noticed an ogre
  2515 | D:4      | Killed an ogre
  2827 | D:4      | Reached XP level 6. HP: 33/36 MP: 12/12
  2891 | D:4      | Reached skill level 6 in Summonings
  3050 | D:4      | Learned a level 4 spell: Summon Ice Beast
  3416 | D:5      | Entered Level 5 of the Dungeon
  3419 | D:5      | Reached ** piety under Sif Muna
  3597 | D:5      | Reached skill level 5 in Spellcasting
  3785 | D:5      | Reached XP level 7. HP: 47/47 MP: 11/14
  3876 | D:5      | Reached skill level 1 in Fighting
  4065 | D:5      | Found an ornate altar of the Wu Jian Council.
  4510 | D:6      | Reached skill level 7 in Summonings
  4553 | D:6      | Found a hazy altar of Hepliaklqana.
  4574 | D:6      | Found a sparkling altar of Nemelex Xobeh.
  4657 | D:6      | Reached XP level 8. HP: 45/57 MP: 8/16
  4664 | D:6      | Found a bloodstained altar of Trog.
  4767 | D:6      | Found a stormy altar of Qazlal.
  4793 | D:6      | Found a staircase to the Ecumenical Temple.
  5088 | D:6      | Found a basalt altar of Yredelemnul.
  5334 | D:7      | Noticed Joseph
  5381 | D:7      | Killed Joseph
  5381 | D:7      | Reached skill level 8 in Summonings
  5564 | D:7      | Noticed Dowan
  5564 | D:7      | Noticed Duvessa
  5598 | D:7      | Killed Duvessa
  5606 | D:7      | Killed Dowan
  5762 | D:7      | Reached *** piety under Sif Muna
  6044 | D:7      | Learned a level 3 spell: Regeneration
  6139 | D:7      | Noticed a gargoyle
  6161 | D:7      | HP: 1/61 [gargoyle/stone arrow (22)]
  6166 | D:7      | Killed from afar by a gargoyle

Levels and vault maps discovered:
D:1:      dpeg_arrival_windows_large_door, layout_rooms
D:2:      minmay_diamond_boxcup, layout_basic, old_standard_altar
D:3:      layout_basic, cheibriados_altar_1, uniq_robin
D:4:      layout_gridville, first_ration, minmay_mini_ossuary,
          uniq_blork_the_orc
D:5:      layout_basic, marbit_many_paths, fountainhead
D:6:      layout_rooms, lemuel_crystal_altar, grunt_qazlal_sundering,
          lemuel_round_altar, lemuel_doored_altar,
          nicolae_overflow_crystal_walls, minmay_temple_entry_junction
D:7:      minmay_cornered_nines, layout_basic, uniq_duvessa, uniq_joseph

Skill      XL: |  1  2  3  4  5  6  7  8 |
---------------+-------------------------+-----
Spellcasting   | 3 4 5 7 |  7.0
Summonings     | 5 6 7 8 |  8.4
Fighting       | 2 4 |  4.5
Dodging        | |  2.1
Stealth        | |  3.0
Necromancy     | |  0.9

Action                   |  1- 3 |  4- 6 |  7- 9 || total
-------------------------+-------+-------+-------++-------
Melee: Unarmed           |    44 |       |       ||    44
       Bite              |     5 |     3 |     7 ||    15
       Spear             |    72 |   127 |   106 ||   305
       Trident           |       |       |    32 ||    32
       Glaive            |       |       |     1 ||     1
 Fire: Shortbow          |       |       |     2 ||     2
 Cast: Summon Small Mamm |    24 |     7 |    22 ||    53
       Call Imp          |    13 |    31 |    41 ||    85
       Call Canine Famil |       |     6 |    19 ||    25
       Summon Ice Beast  |       |       |     6 ||     6
 Abil: Exsanguinate      |       |     1 |       ||     1
       Revivify          |       |     1 |       ||     1
Evoke: Wand              |       |       |     2 ||     2
  Use: Scroll            |       |     6 |       ||     6
       Potion            |       |       |     1 ||     1
 Stab: Sleeping          |     7 |     8 |     3 ||    18
       Distracted        |       |     4 |     2 ||     6
Armor: Robe              |    18 |    14 |    26 ||    58
Dodge: Dodged            |    56 |    57 |    74 ||   187
Block: Other             |     1 |    10 |     8 ||    19
       Reflection        |       |       |     1 ||     1
